 Dungeon Crawl Stone Soup version 0.23.0 (webtiles) character file.

Game seed: 17119844890055781479

44 zorbathegreek the Skirmisher (level 3, -19/37 HPs)
             Began as a Troll Fighter on Feb 18, 2019.
             Killed from afar by a kobold (29 damage)
             ... with an exploding inner flame
             ... hexed by the player character
             ... on level 2 of the Dungeon.
             The game lasted 00:09:23 (932 turns).

zorbathegreek the Skirmisher (Troll Fighter)         Turns: 932, Time: 00:09:24

Health: -19/37     AC:  6    Str: 25    XL:     3   Next: 41%
Magic:  2/2        EV:  8    Int:  4    God:
Gold:   72         SH:  8    Dex:  9    Spells: 2/2 levels left

rFire    . . .     SeeInvis .   a - +0 rapier
rCold    . . .     Gourm    +   c - +0 shield
rNeg     . . .     Faith    .   b - +0 robe
rPois    .         Spirit   .   (helmet restricted)
rElec    .         Reflect  .   (no cloak)
rCorr    .         Harm     .   (gloves unavailable)
MR       .....                  (boots unavailable)
Stlth    +.........             (no amulet)
HPRegen  0.52/turn              (no ring)
MPRegen  0.08/turn              (no ring)

@: no status effects
A: large, unfitting armour, claws 3, fast metabolism 3, gourmand, regeneration
1, shaggy fur 1, tough skin 3
a: no special abilities


You were on level 2 of the Dungeon.
You were very full.

You visited 1 branch of the dungeon, and saw 2 of its levels.

You collected 72 gold pieces.

Inventory:

Hand Weapons
 a - a +0 rapier (weapon)
 g - a +0 hunting sling
Armour
 b - a +0 robe (worn)
 c - a +0 shield (worn)
Jewellery
 h - an uncursed amulet of regeneration {unknown}
 k - a +5 ring of slaying {unknown}
 l - a +2 ring of strength {unknown}
Scrolls
 e - 2 scrolls of remove curse
 j - a scroll of immolation
 n - a scroll of amnesia
Potions
 d - 2 potions of might
Comestibles
 f - a ration


   Skills:
 + Level 3.0 Fighting
 + Level 2.0 Short Blades
 + Level 2.9 Dodging
 + Level 2.6 Shields


You had 2 spell levels left.
You didn't know any spells.
Your spell library was empty.

Dungeon Overview and Level Annotations

Branches:
Dungeon (2/15)

Altars:


Innate Abilities, Weirdness & Mutations

You are too large for most types of armour.
You have claws for hands.
Your metabolism is lightning-fast.
You like to eat raw meat.
Your natural rate of healing is unusually fast.
You are covered in fur. (AC +1)
You have extremely tough skin. (AC +3)


Message History

A goblin is wielding a +2 dagger of venom.
The goblin shouts! x4
The kobold barely misses you.
Your shield prevents you from hitting the kobold.
A goblin comes into view.
You block the kobold's attack.
As you read the scroll of immolation, it crumbles to dust.
The creatures around you are filled with an inner flame!
A goblin comes into view. It is wielding a +0 dagger.
The kobold hits you but does no damage.
You hit the kobold.
The kobold explodes!
The fiery explosion engulfs the goblin!!
The goblin explodes!
The fiery explosion engulfs you!!
Ouch! That really hurt!
* * * LOW HITPOINT WARNING * * *
The fiery explosion engulfs you!!
Ouch! That really hurt!
You die...

,,* ****,,*,,,,,,,,,,,,,,,,,, ,,*
**,,,,.g,***..,,,,,,,,>,,* ,,*
****,,*,,#g***#g#,,,,,,,,**,*
,,***,,,,,,,*#g#**..,,,,,,,,,,,,*
*,,,,,***,****..*#g#,,,,,,,,,,***
***,,,* #.* *#g#g.#,,,,,,,,,,*
,**,*,* #.# *§§§#*,,,,,,,,,,*
,**,*,*##.######§§#*,,,,,,,,,,* *
,**,*,,,..##...§@§#*,,,,,,,,,** *
,,,,****#.##.###.....#,,,,,,,** *
,,,,* #.#..# #..P..#******,,* *
,,,,* ##...## #...P## **,* *
..,,* #...## #P8..# *,* *
....####..)### ###..### *,***
........†)...## *#...# *,,**
....##........#######.# **,**
..,,*##.#.##........#.### *,*,


You could see 7 goblins.

Vanquished Creatures
  An ooze (D:1)
  5 dart slugs
  2 giant cockroaches (D:1)
  6 goblins
  3 jackals (D:2)
  4 kobolds
  A quokka (D:2)
  3 bats
  3 frilled lizards
  A rat (D:1)
29 creatures vanquished.

Notes
Turn   | Place    | Note
-------+----------+-------------------------------------------
     0 | D:1      | zorbathegreek the Troll Fighter began the quest for the
                  | Orb.
     0 | D:1      | Reached XP level 1. HP: 22/22 MP: 0/0
   112 | D:1      | Reached XP level 2. HP: 29/29 MP: 1/1
   823 | D:2      | Reached XP level 3. HP: 36/36 MP: 2/2
   841 | D:2      | Reached skill level 3 in Fighting
   932 | D:2      | Killed from afar by a kobold

Skill      XL: |  1  2  3 |
---------------+----------+-----
Fighting       | 3 |  3.0
Short Blades   | 2 |  2.0
Dodging        | |  2.9
Shields        | |  2.6

Action                   || total
-------------------------++-------
Melee: Rapier            ||   107
  Use: Scroll            ||     8
       Potion            ||     3
  Eat: Chunk             ||    10
       Ration            ||     1
Armor: Robe              ||    62
Dodge: Dodged            ||    53
Block: Shield            ||    63
